 Dungeon Crawl Stone Soup version 0.29.0-4-gdea44cf6ec (webtiles) character file.

Game seed: 17469792531657894308

18 qw the Chopper (level 2, 0/17 HPs)
             Began as a Tengu Warper on Aug 29, 2022.
             Succumbed to their own poison gas
             ... on level 1 of the Dungeon.
             The game lasted 00:00:04 (835 turns).

qw the Chopper (Tengu Warper)                        Turns: 835, Time: 00:00:04

Health: 0/17       AC:  3    Str: 11    XL:     2   Next: 66%
Magic:  6/6        EV: 11    Int: 13    God:
Gold:   22         SH:  0    Dex: 13    Spells: 5/5 levels left

rFire   . . .      SeeInvis .   Y - +0 hand axe
rCold   . . .      Faith    .   (no shield)
rNeg    . . .      Spirit   .   b - +0 leather armour
rPois   .          Reflect  .   (helmet restricted)
rElec   .          Harm     .   (no cloak)
rCorr   .          Rampage  .   (no gloves)
Will    .....                   (boots unavailable)
Stlth   +.........              (no amulet)
HPRegen 0.05/turn               (no ring)
MPRegen 0.10/turn               (no ring)

@: lethally poisoned (0 -> -4)
A: beak, talons 3
a: no special abilities


You were on level 1 of the Dungeon.
You visited 1 branch of the dungeon, and saw 1 of its levels.

You collected 22 gold pieces.


Innate Abilities, Weirdness & Mutations

You have a beak for a mouth.
You have claws for feet.


   Skills:
 - Level 2.0 Fighting
 + Level 3.5 Axes
 - Level 1.0 Throwing
 - Level 1.1 Armour
 - Level 2.1 Dodging
 - Level 2.0 Spellcasting
 - Level 2.4 Translocations


You had 5 spell levels left.
You didn't know any spells.
Your spell library contained the following spells:

 Spells                   Type           Power      Damage    Failure   Level
 Blink                    Tloc           14%        N/A       19%         2
 Gell's Gravitas          Tloc           7%         N/A       36%         3
 Lesser Beckoning         Tloc           7%         N/A       36%         3
 Teleport Other           Tloc           7%         N/A       36%         3
 Manifold Assault         Tloc           7%         N/A       98%         5

Inventory:

Hand Weapons
 f - a +0 club
 Y - a +0 hand axe (weapon)
Missiles
 h - 6 javelins (quivered)
Armour
 b - a +0 leather armour (worn)
Potions
 d - a potion of berserk rage {unknown}

Dungeon Overview and Level Annotations

Branches:
Dungeon (1/15)

Altars:


Message History

You kill the rat!
h - 6 javelins (gained 1)
You see here a rat corpse.
There is a faded altar of an unknown god here.
Done exploring.
Done exploring.
826 ||| READING scroll labelled ALOMEI VUVAJIGG.
The air fills with toxic fumes!
As you read the scroll labelled ALOMEI VUVAJIGG, it crumbles to dust.
It was a scroll of poison.
Done exploring.
827 ||| READING scroll labelled LUXOUFFASI.
As you read the scroll labelled LUXOUFFASI, it crumbles to dust.
It is a scroll of identify.
Really abort (and waste the scroll)?
Done exploring.
828 ||| DROPPING scroll of blinking.
You drop a scroll of blinking.
Done exploring.
(D) Dungeon
Where to? (* - list waypoints, ? - help)
What level of the Dungeon? (default 1, ? - help) Sorry, I don't know how to get there.
Done exploring.
829 ||| Stepping randomly (stuck).
Really walk into that cloud of poison gas?
You are engulfed in poison gas.
You are poisoned.
You feel very sick.
830 ||| Stepping ~*~*~tactically~*~*~ (cloud).
You feel very sick.
You see here a scroll of blinking.
There is a lethal amount of poison in your body!
You feel sick.
There is a lethal amount of poison in your body!
You feel sick.
There is a lethal amount of poison in your body!
You feel sick.
There is a lethal amount of poison in your body!
You feel sick.
There is a lethal amount of poison in your body!
You die...

..........# #########.##
### #..# ###¤# ##.###.¤¤#
#....#.#¤#
#...##.#0#########
#...##.#¤0~~.~P.~#
#...##.#¤#.~~P~~P#
###......#@#~.~.~~~#
####...#..###0#~P(...~#
####....###....¤0#P.~P~#.#
.....######..#####..~~P#.#
....##...##..##..'~~.P~#<#
...###.#.###.##.##########
......%#.# #.#......#
..(#####.# #.#.####.#
##.##..(.###.#.####.#


There were no monsters in sight!

Vanquished Creatures
  3 endoplasms (D:1)
  3 goblins (D:1)
  2 hobgoblins (D:1)
  A quokka (D:1)
  2 ball pythons (D:1)
  2 bats (D:1)
  4 rats (D:1)
17 creatures vanquished.

Vanquished Creatures (others)
  A plant (D:1)
1 creature vanquished.

Grand Total: 18 creatures vanquished

Notes
Turn   | Place    | Note
-------+----------+-------------------------------------------
     0 | D:1      | qw the Tengu Warper began the quest for the Orb.
     0 | D:1      | Reached XP level 1. HP: 12/12 MP: 4/4
     0 | D:1      | 0 ||| qw: Version: 0.1-a-89-g26bdef1
     0 | D:1      | 0 ||| qw: Game counter: 3622
     0 | D:1      | 0 ||| qw: Always use a shield: true
     0 | D:1      | 0 ||| qw: God list: Okawaru
     0 | D:1      | 0 ||| qw: Allow faded altars: false
     0 | D:1      | 0 ||| qw: Do Orc after D:15 true
     0 | D:1      | 0 ||| qw: Do second Lair branch before Depths: true
     0 | D:1      | 0 ||| qw: Lair rune preference: random
     0 | D:1      | 0 ||| qw: Plans: Normal
     0 | D:1      | 0 ||| PLANNING D:1-11
   260 | D:1      | Reached XP level 2. HP: 17/17 MP: 6/6
   294 | D:1      | Reached skill level 3 in Axes
   510 | D:1      | Found a faded altar of an unknown god.
   826 | D:1      | 826 ||| READING scroll labelled ALOMEI VUVAJIGG.
   827 | D:1      | 827 ||| READING scroll labelled LUXOUFFASI.
   828 | D:1      | 828 ||| DROPPING scroll of blinking.
   829 | D:1      | 829 ||| Stepping randomly (stuck).
   830 | D:1      | 830 ||| Stepping ~*~*~tactically~*~*~ (cloud).
   831 | D:1      | HP: 4/17 [poisoned by you (poison gas)]
   833 | D:1      | HP: 1/17 [poisoned by you (poison gas)]
   835 | D:1      | Succumbed to their own poison gas

Levels and vault maps discovered:
D:1:      lightli_arrival_flooded_house, layout_basic, serial_corexii_hall,
          corexii_hall_statues_deadend, corexii_hall_statues_l,
          basic_ecumenical_altar, minmay_misc_feat_columns

Skill      XL: |  1  2 |
---------------+-------+-----
Axes           | 3 |  3.5
Fighting       | |  2.0
Throwing       | |  1.0
Armour         | |  1.1
Dodging        | |  2.1
Spellcasting   | |  2.0
Translocations | |  2.4

Action                   || total
-------------------------++-------
Melee: Hand axe          ||    23
       Peck              ||     6
       Kick              ||     1
Throw: Boomerang         ||     7
       Javelin           ||    15
  Use: Scroll            ||     2
Armor: Leather armour    ||    11
Dodge: Dodged            ||    17

Table legend:
 A = Non-vault XP
 B = Vault XP
 C = Vault XP percentage of total XP
 D = Non-vault monster count
 E = Vault monster count
 F = Vault count percentage of total count
                 A         B        C        D         E       F
            +---------+---------+-------+---------+---------+-------
      Total |      26 |       0 |   0.0 |      17 |       0 |   0.0
            +---------+---------+-------+---------+---------+-------
        D:1 |      26 |       0 |   0.0 |      17 |       0 |   0.0
            +---------+---------+-------+---------+---------+-------
